 Dungeon Sprint DCSS version 0.17.2-1-ge4368a0 (webtiles) character file.

31 mopl the Covert (level 3, -4/18 HPs)
             Began as a Spriggan Assassin on Aug 22, 2016.
             Slain by a phantom (6 damage)
             ... in the Dungeon (Sprint III: "The Ten Rune Challenge").
             The game lasted 00:01:12 (288 turns).

mopl the Covert (Spriggan Assassin)                  Turns: 288, Time: 00:01:13

Health: -4/18      AC:  3    Str:  7    XL:     3   Next: 7%
Magic:  4/4        EV: 17    Int: 12    God:
Gold:   31         SH:  0    Dex: 18    Spells: 0 memorised, 2 levels left

rFire  . . .     SeeInvis +     a - +2 dagger
rCold  . . .     Clarity  .     c - +0 robe
rNeg   . . .     SustAt   .     (shield restricted)
rPois  .         Gourm    .     (helmet restricted)
rElec  .         Spirit   .     d - +0 cloak
rCorr  .         Warding  .     (gloves unavailable)
rMut   .         NoTele   +     (boots unavailable)
MR     .....                    (no amulet)
Stlth  +++++.....               (no ring)
                                (no ring)

@: very quick, not resistant to hostile enchantments, quite stealthy
A: unfitting armour, see invisible, herbivore 3, speed 3, slow metabolism 2
a: no special abilities


You were in the Dungeon.
You were not hungry.

You visited 1 branch You collected 31 gold pieces.

Inventory:

Hand Weapons
 a - a +2 dagger (weapon)
 b - a +0 blowgun
Missiles
 e - 8 poisoned needles
 f - 2 curare-tipped needles
Armour
 c - a +0 robe (worn)
 d - a +0 cloak (worn)
Scrolls
 m - a scroll of blinking
 o - a scroll of holy word {unknown}
 p - a scroll of enchant armour {unknown}
 q - 3 scrolls of remove curse
 u - a scroll of identify {unknown}
 v - a scroll of torment {unknown}
Potions
 h - a potion of curing
 i - a potion of heal wounds
 j - a potion of haste
 k - 2 potions of magic
 l - a potion of berserk rage {!q}
 s - a potion of cure mutation {!q}
 t - a potion of brilliance {unknown}
 w - 2 potions of flight
Comestibles
 g - 2 bread rations
 r - a royal jelly


   Skills:
 - Level 1.5 Fighting
 - Level 2.1 Short Blades
 * Level 5.3 Throwing
 - Level 1.5 Dodging
 + Level 8.1 Stealth


You had 2 spell levels left.
You didn't know any spells.

Dungeon Overview and Level Annotations

Branches:
Dungeon (1/1)

Altars:


Innate Abilities, Weirdness & Mutations

You are tiny and cannot use many weapons and most armour.
You have supernaturally acute eyesight.
You are a herbivore.
You cover ground extremely quickly.
You need consume almost no food.


Message History

You are too injured to fight recklessly!
You are too injured to fight recklessly!
You hit the phantom but do no damage.
The phantom is moderately damaged.
The phantom blinks!
You closely miss the phantom.
The phantom is moderately damaged.
You hit the phantom.
The phantom is severely damaged.
The phantom barely misses you.
You hit the phantom but do no damage.
The phantom is severely damaged.
The phantom blinks!
You closely miss the phantom.
The phantom is severely damaged.
The phantom blinks!
You closely miss the phantom.
The phantom is severely damaged.
The phantom hits you.
You die...

▓▓▓▓▓▓▓▓▓▓▓▓▓
▓<.#..'.W@..♣
▓..#..#.....♣
▓#'####.....♣
▓..†..#....≈♣♣♣
▓.....#...≈≈♣..
▓....[#..≈≈≈≈♣.
▓####'#..≈≈≈≈≈≈♣
▓.....#.≈≈≈≈≈≈..
▓.[...#.≈≈≈≈≈...


You could see a phantom.

Vanquished Creatures
  Jessica (D)
  An ooze (D)
  A rat (D)
3 creatures vanquished.

Vanquished Creatures (others)
  2 draconian scorchers (D)
  A yaktaur (D)
3 creatures vanquished.

Grand Total: 6 creatures vanquished

Notes
Turn   | Place    | Note
--------------------------------------------------------------
     0 | D        | mopl the Spriggan Assassin began the quest for the Orb.
     0 | D        | Reached XP level 1. HP: 10/10 MP: 2/2
     4 | D        | Reached skill level 3 in Throwing
     4 | D        | Reached skill level 6 in Stealth
    13 | D        | Noticed Jessica
    20 | D        | Killed Jessica
    20 | D        | Reached skill level 5 in Throwing
    20 | D        | Reached skill level 8 in Stealth
    20 | D        | Reached XP level 2. HP: 4/14 MP: 3/3
    20 | D        | Reached XP level 3. HP: 5/18 MP: 4/4
    63 | D        | Killed a yaktaur
   183 | D        | Killed a white draconian scorcher
   230 | D        | Killed a white draconian scorcher
   264 | D        | Gained mutation: Your spells are a little harder to cast, but a little more powerful. [potion of mutation]
   264 | D        | Gained mutation: You occasionally shout uncontrollably at your foes. [potion of mutation]
   265 | D        | Gained mutation: You have an increased reservoir of magic (+10% MP). [potion of mutation]
   265 | D        | Lost mutation: Your spells are a little harder to cast, but a little more powerful. [potion of mutation]
   265 | D        | Gained mutation: Your spells are a little harder to cast, but a little more powerful. [potion of mutation]
   266 | D        | Lost mutation: Your spells are a little harder to cast, but a little more powerful. [potion of cure mutation]
   266 | D        | Lost mutation: You have an increased reservoir of magic (+10% MP). [potion of cure mutation]
   266 | D        | Lost mutation: You occasionally shout uncontrollably at your foes. [potion of cure mutation]
   288 | D        | Slain by a phantom

Action                   || total
-------------------------++-------
Melee: Dagger            ||    21
 Fire: Blowgun           ||     1
  Use: Potion            ||     3
 Stab: Sleeping          ||     1
